 Dungeon Sprint DCSS version 0.31-a0-152-g6aa68a64a1 (webtiles) character file.

Game seed: 11635866766591564175

1327 Conn the Arsonist (level 8, -3/46 HPs)
             Began as an Octopode Fire Elementalist on June 11, 2023.
             Was a Believer of Sif Muna.
             Slain by a polar bear (5 damage)
             ... in the Dungeon (Sprint II: "The Violet Keep of Menkaure").
             The game lasted 00:06:43 (258 turns).

Conn the Arsonist (Octopode Fire Elementalist)       Turns: 258, Time: 00:06:43

Health: -3/46      AC:  1    Str:  8    XL:     8   Next: 60%
Magic:  21/21      EV: 15    Int: 19    God:    Sif Muna [**....]
Gold:   720        SH:  0    Dex: 12    Spells: 13/25 levels left

rFire   . .          .
                       - Unarmed
rCold   . . .        (no shield)
rNeg    . . .        (helmet restricted)
rPois   .            (no amulet)
rElec   .            (no ring)
rCorr   .            (no ring)
SInv    .            (no ring)
Will    .....        (no ring)
Stlth   +++++        (no ring)
HPRegen 0.27/turn    (no ring)
MPRegen 0.17/turn    (no ring)
                     (no ring)

%: no teleportation
@: no status effects
A: almost no armour, amphibious, 8 rings, camouflage 1, gelatinous body 1,
nimble swimmer 1, tentacles, mutation resistance 1
a: Renounce Religion, Channel Magic


You were in the Dungeon.
You worshipped Sif Muna.
Sif Muna was pleased with you.
You visited 1 branch You collected 972 gold pieces.
You spent 252 gold pieces at shops.

Inventory:

Potions
 a - 2 potions of magic
 b - a potion of curing


   Skills:
 + Level 6.1 Dodging
 - Level 6.3 Stealth
 - Level 1.0 Unarmed Combat
 * Level 9.0 Spellcasting
 * Level 6.4 Conjurations
 * Level 2.0 Translocations
 + Level 12.3 Fire Magic
 * Level 4.0 Invocations


You had 13 spell levels left.
You knew the following spells:

 Your Spells              Type           Power      Damage    Failure   Level
a - Foxfire               Conj/Fire      100%       2x1d9     1%          1
b - Scorch                Fire           100%       2d9       1%          2
c - Inner Flame           Hex/Fire       32%        N/A       1%          3
d - Flame Wave            Conj/Fire      44%        2d11      1%          4
e - Blink                 Tloc           32%        N/A       5%          2

Your spell library contained the following spells:

 Spells                   Type           Power      Damage    Failure   Level
 Volatile Blastmotes      Fire/Tloc      70%        2d15      1%          3
 Momentum Strike          Conj/Tloc      48%        3d9       2%          2
 Lesser Beckoning         Tloc           32%        N/A       5%          2


Dungeon Overview and Level Annotations

Branches:
Dungeon (1/1)

Altars:
Cheibriados
Dithmenos
Elyvilon
Fedhas
Gozag
Hepliaklqana
Kikubaaqudgha
Makhleb
Nemelex Xobeh
Okawaru
Qazlal
Ru
Sif Muna
Trog
Uskayaw
Vehumet
Wu Jian
Xom
Yredelemnul
Zin
The Shining One
Jiyva
Lugonu

Shops:
D *(:(?![=[!(:=[?

Annotations:
D exclusion: oklob plant


Innate Abilities, Weirdness & Mutations

You cannot wear most types of armour.
You are amphibious.
You can wear up to eight rings at the same time.
Your skin changes colour to match your surroundings (Stealth+).
Your rubbery body absorbs attacks. (AC +1, EV +1)
You are camouflaged when in or above water. (Stealth+)
You have tentacles for arms and can constrict up to eight enemies at once.
You are somewhat resistant to further mutation.


Message History

Press: ? - help, Dir - move target, p - yaktaur Floosh!
As you read the scroll of blinking, it crumbles to dust.
Casting: Blink (safe; 5% risk of failure)
Confirm with . or Enter, or press ? or * to list all spells.
Okay, then.
Okay, then.
Casting: Blink (safe; 5% risk of failure)
Confirm with . or Enter, or press ? or * to list all spells.
Okay, then.
Unknown command.
Casting: Blink (safe; 5% risk of failure)
Confirm with . or Enter, or press ? or * to list all spells.
Flames lash the polar bear.
The polar bear is lightly wounded.
The polar bear's fire resistance burns away.
The water moccasin hisses angrily.
The polar bear is engulfed in a cloud of scalding steam.
You feel much better.
Unknown command.
Casting: Scorch (safe; 1% risk of failure)
Confirm with . or Enter, or press ? or * to list all spells.
Aiming: Inner Flame (safe; 1% risk of failure)
Press: ? - help, Dir - move target, f - polar bear
Aim: a polar bear (steam, chance to affect: 85%)
The polar bear is filled with an inner flame.
You feel stable enough to blink again. The polar bear bites you!
The polar bear claws you. The polar bear misses you.
Unknown command.
Casting: Inner Flame (safe; 1% risk of failure)
Confirm with . or Enter, or press ? or * to list all spells.
You don't have enough magic to cast this spell.
Unknown command.
Okay, then.
Magic courses through your body.
The polar bear is no longer more vulnerable to fire.
The polar bear bites you!
* * * LOW HITPOINT WARNING * * *
The polar bear claws you.
You die...

# #### +.##. :▓()$$!=[)▓▓
...# ...# ##▓?=!!$[?$▓▓
#..## #..# $#▓($!!:?$)▓▓
##..# +..# .#▓[)$)!$??▓▓
.#..# #..# c#▓=!!??!:$▓▓
#'..####..##.#▓($$$$![$▓▓
.#†§..###..c##▓▓▓▓▓▓▓+▓▓▓▓
##.§....~~~~~hhh@~~~~...X≈
#~~§....~#'########+###.ww
~~~~~~..~#.._._._.#S§§#
§~~§~~~.~#._._._..#§§§§#
§≈§≈§~~~~#_._._._.#§~~§≈#
§§≈≈≈≈~~~#._._._._#§§~§≈≈
~≈≈§§≈≈≈~#.._._._.#S~§~~≈
#≈≈≈###≈≈#..._._._#§§~~≈
#≈≈# #≈≈#...._._.#~~§


You could see 3 polar bears, a yaktaur (inner flame) and 2 water moccasins.

Vanquished Creatures
  A merfolk siren (D)
  A vampire mosquito (D)
  Menkaure (D)
  4 neqoxecs (D)
  3 necrophages (D)
  3 worms (D)
13 creatures vanquished.

Vanquished Creatures (others)
  A water moccasin (D)
  A necrophage (D)
  6 foxfires (D)
  4 tentacles (D)
12 creatures vanquished.

Grand Total: 25 creatures vanquished

Notes
Turn   | Place    | Note
-------+----------+-------------------------------------------
     0 | D        | Conn the Octopode Fire Elementalist began the quest for the
                  | Orb.
     0 | D        | Reached XP level 1. HP: 11/11 MP: 3/3
     4 | D        | Noticed a neqoxec
     4 | D        | Noticed a neqoxec
     4 | D        | Noticed a neqoxec
     4 | D        | Noticed a neqoxec
     7 | D        | Gained mutation: You are somewhat resistant to further
                  | mutation. [a neqoxec]
     9 | D        | Killed a neqoxec
    10 | D        | Reached skill level 1 in Unarmed Combat
    10 | D        | Reached skill level 7 in Fire Magic
    10 | D        | Reached XP level 2. HP: 17/17 MP: 4/7
    10 | D        | Reached XP level 3. HP: 21/21 MP: 4/8
    10 | D        | Reached XP level 4. HP: 27/27 MP: 5/10
    10 | D        | Reached XP level 5. HP: 31/31 MP: 5/11
    16 | D        | Killed a neqoxec
    17 | D        | Reached skill level 5 in Stealth
    17 | D        | Reached skill level 5 in Spellcasting
    17 | D        | Reached skill level 9 in Fire Magic
    17 | D        | Reached XP level 6. HP: 36/36 MP: 5/14
    20 | D        | Killed a neqoxec
    21 | D        | Reached skill level 5 in Dodging
    21 | D        | Reached skill level 10 in Fire Magic
    24 | D        | Killed a water moccasin
    25 | D        | Killed a neqoxec
    26 | D        | Reached XP level 7. HP: 32/41 MP: 6/17
    37 | D        | Learned a level 2 spell: Scorch
    41 | D        | Learned a level 3 spell: Inner Flame
    46 | D        | Learned a level 4 spell: Flame Wave
    46 | D        | Noticed a flying skull
    46 | D        | Noticed a flying skull
    46 | D        | Noticed a flying skull
    46 | D        | Noticed a flying skull
    46 | D        | Noticed a flying skull
    46 | D        | Noticed a flying skull
    46 | D        | Noticed a flying skull
    46 | D        | Noticed a flying skull
    47 | D        | Noticed a flying skull
    47 | D        | Noticed a flying skull
    47 | D        | Noticed a flying skull
    48 | D        | Noticed a flying skull
    48 | D        | Noticed Menkaure
    51 | D        | Killed Menkaure
    52 | D        | Reached skill level 5 in Conjurations
    52 | D        | Reached skill level 11 in Fire Magic
    61 | D        | Found a hazy altar of Hepliaklqana.
    61 | D        | Found a snail-covered altar of Cheibriados.
    62 | D        | Found a stormy altar of Qazlal.
    62 | D        | Found a viscous altar of Jiyva.
    62 | D        | Found a shadowy altar of Dithmenos.
    63 | D        | Found a sacrificial altar of Ru.
    63 | D        | Found an ancient bone altar of Kikubaaqudgha.
    63 | D        | Found a white marble altar of Elyvilon.
    64 | D        | Found an ornate altar of the Wu Jian Council.
    64 | D        | Found a shimmering blue altar of Sif Muna.
    64 | D        | Found a corrupted altar of Lugonu.
    65 | D        | Found a shimmering altar of Xom.
    65 | D        | Found a bloodstained altar of Trog.
    65 | D        | Found a burning altar of Makhleb.
    66 | D        | Found a glowing golden altar of the Shining One.
    66 | D        | Found a basalt altar of Yredelemnul.
    66 | D        | Found a hide-covered altar of Uskayaw.
    68 | D        | Found a glowing silver altar of Zin.
    68 | D        | Found a radiant altar of Vehumet.
    68 | D        | Found a blossoming altar of Fedhas.
    68 | D        | Found a sparkling altar of Nemelex Xobeh.
    69 | D        | Found an opulent altar of Gozag.
    69 | D        | Found an iron altar of Okawaru.
    73 | D        | Became a worshipper of Sif Muna the Loreminder
    85 | D        | Noticed a kraken
   106 | D        | Reached skill level 1 in Invocations
   113 | D        | Reached * piety under Sif Muna
   114 | D        | Reached XP level 8. HP: 46/46 MP: 1/20
   139 | D        | Reached ** piety under Sif Muna
   149 | D        | Found Qouze's Magic Scroll Shop.
   149 | D        | Found Icevat's Antique Armour Boutique.
   149 | D        | Found Culuje's Antique Weapon Shop.
   149 | D        | Found Icocs's Book Shop.
   149 | D        | Found Vasi's Distillery.
   149 | D        | Found Xerao's Antique Armour Shop.
   150 | D        | Found Zeugha's Jewellery Shop.
   151 | D        | Found Yfor's Armour Shop.
   151 | D        | Found Inaewif's Distillery.
   152 | D        | Found Iruimos's Jewellery Boutique.
   168 | D        | Found Waumil's Magic Scroll Shop.
   168 | D        | Found Optiprubb's Weapon Boutique.
   168 | D        | Noticed an iron elemental
   168 | D        | Noticed an oklob plant
   169 | D        | Found Urghaemig's Weapon Shop.
   169 | D        | Found Dulealogg's General Store.
   169 | D        | Found Qaocug's Book Shoppe.
   172 | D        | Noticed a great orb of eyes
   191 | D        | Bought a book of Spatial Translocations for 252 gold pieces
   194 | D        | Learned a level 2 spell: Blink
   210 | D        | Noticed a merfolk siren
   218 | D        | Killed a merfolk siren
   219 | D        | Reached skill level 12 in Fire Magic
   248 | D        | Noticed a polar bear
   249 | D        | Noticed a yaktaur
   249 | D        | Noticed a hornet
   250 | D        | Noticed a polar bear
   250 | D        | Noticed a polar bear
   258 | D        | HP: 2/46 [polar bear (16)]
   258 | D        | Slain by a polar bear

Illustrated notes

Levels and vault maps discovered:
D:        the_violet_keep_of_menkaure [sprint2_stairs_cluster_1,
          sprint2_shoproom, sprint2_temple, sprint2_basic_supplies,
          sprint2_obstacle_5, sprint2_obstacle_6, sprint2_obstacle_1,
          sprint2_obstacle_4, sprint2_obstacle_3, sprint2_timed_cluster_1,
          sprint2_smallroom_cluster_1, sprint2_smallroom_final_cluster_1,
          sprint2_transparent_cluster_1, sprint2_second_timed_cluster_1,
          sprint2_sniper_area_1, sprint2_heavy_combat_area_1,
          sprint2_mutation_trap_area_1, sprint2_forest_area_1,
          sprint2_light_combat_area_1, sprint2_behind_water_1,
          sprint2_near_end_vault_1]

Skill      XL: |  1  2  3  4  5  6  7  8 |
---------------+-------------------------+-----
Dodging        | 3 4 5 6 |  6.1
Stealth        | 4 5 6 |  6.3
Unarmed Combat | 1 |  1.0
Spellcasting   | 4 5 6 8 9 |  9.0
Fire Magic     | 7 9 10 11 12 | 12.3
Conjurations   | 3 4 5 6 |  6.4
Invocations    | 2 4 |  4.0
Translocations | 2 |  2.0

Action                     |  1- 3 |  4- 6 |  7- 9 || total
---------------------------+-------+-------+-------++-------
  Melee: Unarmed           |     3 |    14 |    14 ||    31
         Tentacles         |     2 |     2 |     4 ||     8
         Constrict         |     1 |     3 |     4 ||     8
         Punch             |       |       |     1 ||     1
   Cast: Scorch            |       |       |    10 ||    10
         Foxfire           |       |       |     4 ||     4
         Flame Wave        |       |       |     2 ||     2
         Inner Flame       |       |       |     2 ||     2
         Blink             |       |       |     1 ||     1
    Use: Potion            |     2 |       |     2 ||     4
         Scroll            |       |       |     1 ||     1
 Armour: Skin              |     1 |     1 |       ||     2
  Dodge: Dodged            |       |     5 |     7 ||    12

Table legend: (Time is in decaauts)
 A = Elapsed time spent in this place.
 B = Non-inter-level travel time spent in this place.
 C = Inter-level travel time spent in this place.
 D = Time resting spent in this place.
 E = Time spent auto-exploring this place.
 F = Levels seen in this place.
 G = Mean time per level.
                   A        B        C        D        E       F      G
               +--------+--------+--------+--------+--------+-----+--------+
         Total |    251 |    251 |      0 |      0 |      0 |   1 |  251.0 |
       Dungeon |    251 |    251 |      0 |      0 |      0 |   1 |  251.0 |
               +--------+--------+--------+--------+--------+-----+--------+

Top non-repeatable levels by time:
       D: 251 daAuts
